Map: Blackpink LE

Players

Honor - Winner!

  • Race: Terran Terran
  • League: Master
  • Spawn Location: 7:00

A.I. 1 (Very Easy)

  • Race: Terran Terran
  • Spawn Location: 1:00

VOD

https://www.bonjwa.de/academy

Description

Bonjwa Terraner Starter 3 Build

Time

  • Played on: Dec. 13, 2017, 7:14 a.m.
  • Length: 6:34
Show
View Real Time Build Order
Export as new Build Order

Honor Terran - Winner!

Build Orders: MMM Bio 

Get SALT Encoding   

  12  0:01  SCV  
  13  0:13  SCV  
  14  0:18  Supply Depot  
  14  0:25  SCV  
  15  0:40  SCV  
  15  0:41  Barracks  
  16  0:45  Refinery  
  16  0:52  SCV  
  17  1:04  SCV  
  17  1:06  Barracks  
  18  1:16  SCV  
  19  1:28  Barracks Tech Lab  
  19  1:30  Orbital Command  
  19  1:42  Barracks  
  19  1:48  Marine  
  20  1:55  Combat Shields  
  20  1:58  SCV  
  21  2:04  Supply Depot  
  21  2:08  Marine  
  22  2:13  Barracks Reactor  
  22  2:25  Marine  
  23  2:32  Barracks Reactor  
  23  2:36  Supply Depot  
  23  2:43  Marine  
  24  2:49  Marine  
  24  2:50  Marine  
  26  2:59  Supply Depot  
  26  3:02  Marauder  
  28  3:07  Marine x2  
  28  3:09  Marine x2  
  32  3:19  Stimpack  
  32  3:25  Marine x2  
  32  3:27  Marine x2, Marauder  
  34  3:31  Supply Depot  
  38  3:43  Marine x2  
  38  3:44  Marine  
  38  3:45  Marine  
  42  3:49  Marauder  
  42  3:53  Supply Depot  
  44  4:01  Marine x2  
  44  4:02  Marine x2  
  48  4:10  Marauder  
  48  4:16  Supply Depot  
  50  4:19  Marine x2  
  50  4:20  Marine x2  
  54  4:31  Marauder  
  54  4:36  Marine  
  54  4:37  Marine  
  54  4:38  Marine x2  
  58  4:40  Supply Depot  
  60  4:53  Marauder  
  60  4:54  Marine x2  
  60  4:56  Marine x2  
  66  5:03  Supply Depot  
  66  5:12  Marine x2  
  66  5:14  Marine x2, Marauder  
  72  5:30  Marine x2  
  72  5:31  Marine  
  72  5:32  Marine  
  76  5:36  Marauder  
  77  5:48  Marine x2  
  77  5:49  Marine x2  
  80  5:50  Supply Depot  
  83  5:57  Marauder  
  81  6:05  Marine  
  81  6:06  Marine  
  81  6:07  Marine x2  
Show
View Real Time Build Order
Export as new Build Order

A.I. 1 (Very Easy) Terran 

Build Orders: Reaper Expand 

Get SALT Encoding   

  12  0:00  SCV  
  13  0:13  SCV  
  14  0:19  Supply Depot  
  14  0:43  Barracks  
  14  1:04  Command Center  
  14  1:32  Orbital Command, Marine, Supply Depot  
  15  1:38  Refinery  
  15  1:48  Refinery  
  15  1:57  SCV  
  16  2:09  SCV  
  17  2:16  SCV  
  17  2:17  Reaper  
  19  2:23  SCV  
  20  2:30  SCV  
  21  2:37  SCV  
  22  2:45  SCV  
  22  2:50  Refinery  
  23  2:52  SCV  
  24  2:59  SCV, Marine  
  26  3:06  SCV  
  27  3:13  SCV  
  27  3:15  Factory  
  28  3:37  Refinery  
  28  3:39  SCV  
  29  3:42  Marine  
  29  3:46  SCV  
  31  3:53  SCV  
  32  3:57  Supply Depot  
  32  4:00  SCV  
  32  4:02  Starport  
  33  4:07  SCV  
  34  4:14  SCV  
  35  4:21  SCV  
  36  4:25  Reaper  
  36  4:29  SCV  
  38  4:36  SCV  
  39  4:40  Starport Tech Lab, Supply Depot  
  39  4:43  SCV  
  40  4:50  SCV  
  41  4:57  SCV  
  41  4:59  Raven  
  44  5:04  SCV  
  45  5:08  Marine  
  45  5:11  SCV  
  47  5:19  SCV  
  48  5:33  Supply Depot  
  48  5:41  SCV  
  43  5:49  SCV  
  35  5:51  Supply Depot  
  19  6:05  Supply Depot  
Tags
 
Composition
MMM Bio
League
Master
Matchup
TvT
Race
Terran
Spawn Locations
Cross Positions
Add a new tag
Caveats
  • Supply blocks, unpowered buildings, or Contaminate may cause inaccurate times.
  • Supply counts are checked every 10 seconds.